 Dungeon Crawl Stone Soup version 0.28-a0-445-g51f8dfeb47 (webtiles) character file.

Game seed: 9192211925060927698

445 Akmetra the Chopper (level 6, -5/56 HPs)
             Began as a Minotaur Berserker on Sept 13, 2021.
             Was a Priest of Trog.
             Slain by a sky beast (6 damage)
             ... on level 5 of the Dungeon.
             The game lasted 00:15:53 (3017 turns).

Akmetra the Chopper (Minotaur Berserker)            Turns: 3017, Time: 00:15:54

Health: -5/56      AC: 10    Str: 22    XL:     6   Next: 72%
Magic:  5/5        EV:  8    Int:  4    God:    Trog [***...]
Gold:   116        SH:  3    Dex: 11    Spells: 5/5 levels left

rFire   . . .      SeeInvis .   a - +0 hand axe
rCold   . . .      Faith    .   e - +0 buckler
rNeg    . . .      Spirit   .   x - +0 chain mail
rPois   +          Reflect  .   (helmet restricted)
rElec   .          Harm     .   (no cloak)
rCorr   .          Rampage  .   (no gloves)
Will    .....                   m - +0 pair of boots
Stlth   ..........              (no amulet)
HPRegen 0.18/turn               u - ring of poison resistance
MPRegen 0.09/turn               (no ring)

@: on berserk cooldown, slowed, very slow
A: horns 2, retaliatory headbutt
a: Renounce Religion, Berserk, Trog's Hand


You were on level 5 of the Dungeon.
You worshipped Trog.
Trog was most pleased with you.
You visited 1 branch of the dungeon, and saw 6 of its levels.

You collected 116 gold pieces.

Inventory:

Hand Weapons
 a - a +0 hand axe (weapon)
 o - a +0 trident
Missiles
 d - 136 stones
 t - 5 boomerangs (quivered)
Armour
 b - a +0 animal skin
 e - a +0 buckler (worn)
 f - a +0 scale mail
 k - a +0 leather armour
 m - a +0 pair of boots (worn)
 x - a +0 chain mail (worn)
Jewellery
 u - a ring of poison resistance (left hand)
Wands
 n - a wand of flame (12)
 v - a wand of iceblast (7)
Scrolls
 h - 2 scrolls of enchant armour {unknown}
 i - a scroll of acquirement {unknown}
 j - a scroll of amnesia {unknown}
 p - 3 scrolls of fog {unknown}
 q - a scroll of teleportation {unknown}
 r - a scroll of brand weapon {unknown}
 s - a scroll of fear {unknown}
 w - a scroll of identify {unknown}
Potions
 c - a potion of attraction {unknown}
 g - a potion of resistance {unknown}
 l - a potion of brilliance {unknown}


   Skills:
 + Level 5.0 Fighting
 + Level 6.7 Axes
 + Level 0.5 Throwing
 + Level 4.5 Armour
 + Level 3.0 Dodging
 + Level 0.4 Stealth
 + Level 1.5 Shields


You had 5 spell levels left.
You didn't know any spells.
Your spell library contained the following spells:

 Spells                   Type           Power      Damage    Failure   Level
 Sting                    Tmut/Pois      0%         1d3       100%        1
 Poisonous Vapours        Pois/Air       0%         N/A       100%        2
 Frozen Ramparts          Ice            0%         1d2       100%        3
 Ice Form                 Ice/Tmut       0%         N/A       100%        4
 Olgreb's Toxic Radiance  Pois           0%         N/A       100%        4
 Summon Ice Beast         Ice/Summ       0%         N/A       100%        4
 Summon Mana Viper        Hex/Summ       0%         N/A       100%        5
 Monstrous Menagerie      Summ           0%         N/A       100%        7


Dungeon Overview and Level Annotations

Branches:
Dungeon (6/15)
 Temple: D:4-7

Altars:
Fedhas

Shops:
D:1 ?


Innate Abilities, Weirdness & Mutations

You have a pair of horns on your head.
You reflexively headbutt those who attack you in melee.


Message History

The steam dragon is heavily wounded.
The steam dragon bites you but does no damage.
The steam dragon claws you.
* * * LOW HITPOINT WARNING * * *
You hit the steam dragon. You headbutt the steam dragon!
You kill the steam dragon!
Trog accepts your kill.
You feel the effects of Trog's Hand fading.
Your Fighting skill increases to level 5!
Your Dodging skill increases to level 3!
You barely miss the sky beast. Your headbutt misses the sky beast.
You slash the sky beast!
The sky beast is moderately wounded.
The sky beast hits you.
* * * LOW HITPOINT WARNING * * *
The sky beast shocks you.
* * * LOW HITPOINT WARNING * * *
You slash the sky beast!
The sky beast is severely wounded.
The sky beast flickers out of sight!
Deactivating autopickup; reactivate with Ctrl-A.
Something hits you but does no damage.
You miss something. You barely miss something. Something hits you.
* * * LOW HITPOINT WARNING * * *
Something shocks you.
* * * LOW HITPOINT WARNING * * *
You feel a strong urge to attack something.
You are no longer berserk.
You are exhausted.
You feel yourself slow down.
Your skin stops crawling.
You feel less strong-willed. You block something's attack.
You closely miss something.
Something hits you but does no damage. x2
You closely miss something. You headbutt something.
Something hits you but does no damage.
You miss something. Something hits you.
* * * LOW HITPOINT WARNING * * *
Something shocks you.
You die...

#......##.#..#..#
# .......###.##.#
.# ....... #....#
.. ..###.# ##.###
.# .
#.#####.###.#####
#....ยง...........
#######.#######.#
####.# #@(..#
#.#### #.# #.# #.#
#.# #.# #.# ..#


There were no monsters in sight!

Vanquished Creatures
  A steam dragon (D:5)
  A water moccasin (D:6)
  An orc priest (D:3)
  An iguana (D:5)
  A killer bee zombie (D:6)
  A gnoll (D:1)
  6 adders
  2 dart slugs (D:1)
  4 orcs (D:3)
  4 ball pythons
  7 bats
  2 endoplasms
  2 giant cockroaches (D:1)
  3 goblins
  4 hobgoblins
  5 jackals (D:3)
  10 kobolds
  3 quokkas
  6 frilled lizards
  A quokka skeleton (D:2)
  5 rats
70 creatures vanquished.

Notes
Turn   | Place    | Note
-------+----------+-------------------------------------------
     0 | D:1      | Akmetra the Minotaur Berserker began the quest for the Orb.
     0 | D:1      | Reached XP level 1. HP: 19/19 MP: 0/0
   305 | D:1      | Reached skill level 4 in Axes
   305 | D:1      | Reached XP level 2. HP: 27/27 MP: 1/1
   571 | D:1      | Reached XP level 3. HP: 32/33 MP: 2/2
   654 | D:1      | Reached ** piety under Trog
   805 | D:1      | Found Eqipuq's Magic Scroll Emporium.
  1166 | D:2      | Found a blossoming altar of Fedhas.
  1331 | D:2      | Reached XP level 4. HP: 32/40 MP: 3/3
  1493 | D:2      | Reached skill level 5 in Axes
  2465 | D:3      | Reached skill level 1 in Shields
  2465 | D:3      | Reached XP level 5. HP: 25/47 MP: 4/4
  2665 | D:3      | Reached *** piety under Trog
  2838 | D:4      | Found a blossoming altar of Fedhas.
  2842 | D:4      | You fall into a shaft and drop 2 floors!
  2842 | D:6      | Noticed a water moccasin
  2848 | D:6      | Killed a water moccasin
  2849 | D:6      | Reached skill level 6 in Axes
  2849 | D:6      | Reached XP level 6. HP: 53/53 MP: 5/5
  2974 | D:5      | Entered Level 5 of the Dungeon
  2989 | D:5      | Noticed a sky beast
  2990 | D:5      | Noticed a steam dragon
  3006 | D:5      | Killed a steam dragon
  3007 | D:5      | Reached skill level 5 in Fighting
  3012 | D:5      | HP: 3/84 [something (6)]
  3017 | D:5      | HP: 1/56 [something (3)]
  3017 | D:5      | Slain by a sky beast

Illustrated notes

Levels and vault maps discovered:
D:1:      roderic_dead_forest, layout_loops_ring, serial_shops,
          nicolae_shop_competitors_out_of_business
D:2:      layout_basic, basic_altar
D:3:      layout_loops_cross
D:4:      layout_loops_ring, lemuel_tele_altar, led_sif_pool,
          nicolae_overflow_hidden_temple,
          mainiacjoe_overflow_concentric_impassable, serial_shops, shop,
          kennysheep_cross_room
D:5:      layout_basic, serial_shops, nicolae_stop_n_shop_1,
          hangedman_abyss_or_decor_passed, minmay_manual_mullet, uniq_menkaure
D:6:      layout_basic, overflow_temple_1_default, elyvilon_altar_4,
          mainiacjoe_overflow_big_doors, chequers_serial_rivers_large_a,
          nicolae_wooded_promenade

Skill      XL: |  1  2  3  4  5  6 |
---------------+-------------------+-----
Axes           | 4 5 6 |  6.7
Fighting       | 4 5 |  5.0
Armour         | 3 4 |  4.5
Shields        | 1 |  1.5
Dodging        | 3 |  3.0
Throwing       | |  0.5
Stealth        | |  0.4

Action                   |  1- 3 |  4- 6 || total
-------------------------+-------+-------++-------
Melee: Hand axe          |    77 |   104 ||   181
       Headbutt          |     8 |    22 ||    30
Throw: Boomerang         |       |     6 ||     6
Invok: Berserk           |       |     1 ||     1
       Trog's Hand       |       |     1 ||     1
Armor: Ring mail         |     9 |       ||     9
       Animal skin       |     2 |       ||     2
       Scale mail        |    23 |    46 ||    69
       Chain mail        |       |    19 ||    19
Dodge: Dodged            |    37 |    40 ||    77
Block: Buckler           |     7 |    16 ||    23

Table legend: (Time is in decaauts)
 A = Elapsed time spent in this place.
 B = Non-inter-level travel time spent in this place.
 C = Inter-level travel time spent in this place.
 D = Time resting spent in this place.
 E = Time spent auto-exploring this place.
 F = Levels seen in this place.
 G = Mean time per level.
                   A        B        C        D        E       F      G
               +--------+--------+--------+--------+--------+-----+--------+
         Total |   3036 |   2883 |    153 |      0 |   2257 |   6 |  506.0 |
       Dungeon |   3036 |   2883 |    153 |      0 |   2257 |   6 |  506.0 |
               +--------+--------+--------+--------+--------+-----+--------+

Top non-repeatable levels by time:
     D:2: 1121 daAuts
     D:1: 922 daAuts
     D:3: 756 daAuts
     D:6: 132 daAuts
     D:4: 61 daAuts
     D:5: 41 daAuts
